PBL
CHICAGO WHITE SOX @ SEATTLE MARINERS
08/23/2070
 
TOP OF THE 1ST
Chicago White Sox batting - Pitching for Seattle Mariners : RHP Martin Davis
Pitching: RHP Martin Davis
Batting: LHB Jesse Vega 0-0: Called Strike
0-1: Ball
1-1: Foul Ball, location: 5DF
1-2: Foul Ball, location: 5F
1-2: Strikes out looking
Batting: RHB Roberto Moelroy 0-0: Ball
1-0: Ball
2-0: Called Strike
2-1: Called Strike
2-2: Strikes out looking
Batting: RHB Bernardo López 0-0: Called Strike
0-1: Ball
1-1: Ball
2-1: Swinging Strike
2-2: Foul Ball, location: 5DF
2-2: Strikes out swinging, 2-3 out at first.
Top of the 1st over - 0 runs, 0 hits, 0 errors, 0 left on base; Chicago 0 - Seattle 0
BOTTOM OF THE 1ST
Seattle Mariners batting - Pitching for Chicago White Sox : RHP Don Brown
Pitching: RHP Don Brown
Batting: LHB Rob Altobelli 0-0: SINGLE (Groundball, 4D, EV 107.5 MPH)
Batting: RHB Jeffery Price 0-0: Fly out, F8 (Line Drive, 8RD, EV 103.8 MPH)
Batting: RHB Ralph Irwin 0-0: Called Strike
0-1: Ball
1-1: Grounds into double play, 6-4-3 (Groundball, 6, EV 109.4 MPH)
Bottom of the 1st over - 0 runs, 1 hit, 0 errors, 0 left on base; Chicago 0 - Seattle 0
TOP OF THE 2ND
Chicago White Sox batting - Pitching for Seattle Mariners : RHP Martin Davis
Batting: LHB Doug Hanna 0-0: Swinging Strike
0-1: Swinging Strike
0-2: Foul Ball, location: 2F
0-2: Ball
1-2: Ball
2-2: Strikes out swinging
Batting: LHB Ching-wei Lok 0-0: Called Strike
0-1: Swinging Strike
0-2: Ground out 4-3 (Groundball, 34D, EV 108.8 MPH)
Batting: RHB Roy López 0-0: Ball
1-0: Ball
2-0: Ground out 4-3 (Groundball, 4, EV 88.8 MPH)
Top of the 2nd over - 0 runs, 0 hits, 0 errors, 0 left on base; Chicago 0 - Seattle 0
BOTTOM OF THE 2ND
Seattle Mariners batting - Pitching for Chicago White Sox : RHP Don Brown
Batting: RHB Ed Parker 0-0: Hit by Pitch
Batting: SHB Pete Williams 0-0: Ball
1-0: Fly out, F9 (Flyball, 9S, EV 95.6 MPH)
Batting: RHB Ronald McDonald 0-0: Foul Ball, location: 5FF
0-1: Foul Ball, location: 2F
0-2: Ball
1-2: Ball
2-2: DOUBLE (Line Drive, 8LXD, EV 101.9 MPH)
Ed Parker to third
Batting: SHB Nathan Martin 0-0: Called Strike
0-1: Ball
1-1: Called Strike
1-2: Foul Ball, location: 2F
1-2: Strikes out looking
Batting: RHB Raúl Contreras 0-0: Called Strike
0-1: Ball
1-1: Ball
2-1: Foul Ball, location: 2F
2-2: Ground out 5-3 (Groundball, 56, EV 99.4 MPH)
Bottom of the 2nd over - 0 runs, 1 hit, 0 errors, 2 left on base; Chicago 0 - Seattle 0
TOP OF THE 3RD
Chicago White Sox batting - Pitching for Seattle Mariners : RHP Martin Davis
Batting: LHB John Mrazek 0-0: Ball
1-0: Fly out, F9 (Line Drive, 89M, EV 109.4 MPH)
Batting: LHB George Stewart 0-0: Called Strike
0-1: Called Strike
0-2: Ball
1-2: Ball
2-2: Strikes out looking
Batting: RHB Martín Otero 0-0: Called Strike
0-1: SINGLE (Line Drive, 56, EV 101.9 MPH)
Batting: LHB Jesse Vega 0-0: Swinging Strike
0-1: Called Strike
0-2: Fly out, F6 (Popup, 6MD, EV 41.3 MPH)
Top of the 3rd over - 0 runs, 1 hit, 0 errors, 1 left on base; Chicago 0 - Seattle 0
BOTTOM OF THE 3RD
Seattle Mariners batting - Pitching for Chicago White Sox : RHP Don Brown
Batting: RHB Jake Knapp 0-0: Called Strike
0-1: Ball
1-1: Swinging Strike
1-2: Ball
2-2: Ground out 6-3 (Groundball, 6, EV 86.9 MPH)
Batting: LHB Rob Altobelli 0-0: Fly out, F9 (Flyball, 9S, EV 85.6 MPH)
Batting: RHB Jeffery Price 0-0: Foul Ball, location: 2F
0-1: Swinging Strike
0-2: Ground out U3 (Groundball, 13, EV 80.0 MPH)
Bottom of the 3rd over - 0 runs, 0 hits, 0 errors, 0 left on base; Chicago 0 - Seattle 0
TOP OF THE 4TH
Chicago White Sox batting - Pitching for Seattle Mariners : RHP Martin Davis
Batting: RHB Roberto Moelroy 0-0: Swinging Strike
0-1: Ball
1-1: Foul Ball, location: 2F
1-2: Strikes out looking
Batting: RHB Bernardo López 0-0: Ball
1-0: Swinging Strike
1-1: Foul Ball, location: 9LSF
1-2: Strikes out looking
Batting: LHB Doug Hanna 0-0: Ground out 4-3 (Groundball, 4, EV 90.0 MPH)
Top of the 4th over - 0 runs, 0 hits, 0 errors, 0 left on base; Chicago 0 - Seattle 0
BOTTOM OF THE 4TH
Seattle Mariners batting - Pitching for Chicago White Sox : RHP Don Brown
Batting: RHB Ralph Irwin 0-0: Ball
1-0: Ground out 6-3 (Groundball, 6S, EV 86.3 MPH)
Batting: RHB Ed Parker 0-0: Ball
1-0: Fly out, F9 (Flyball, 9S, EV 81.9 MPH)
Batting: SHB Pete Williams 0-0: Called Strike
0-1: Fly out, F3 (Popup, 3SF, EV 83.8 MPH)
Bottom of the 4th over - 0 runs, 0 hits, 0 errors, 0 left on base; Chicago 0 - Seattle 0
TOP OF THE 5TH
Chicago White Sox batting - Pitching for Seattle Mariners : RHP Martin Davis
Batting: LHB Ching-wei Lok 0-0: Ball
1-0: Foul Ball, location: 2F
1-1: Foul Ball, location: 5FF
1-2: Ball
2-2: Foul Ball, location: 2F
2-2: Foul Ball, location: 25F
2-2: Foul Ball, location: 7LMF
2-2: Ball
3-2: Fly out, F6 (Popup, 6M, EV 71.3 MPH)
Batting: RHB Roy López 0-0: Ball
1-0: Ground out 4-3 (Groundball, 4, EV 85.6 MPH)
Batting: LHB John Mrazek 0-0: Ball
1-0: Ball
2-0: Ball
3-0: Called Strike
3-1: Swinging Strike
3-2: Strikes out swinging
Top of the 5th over - 0 runs, 0 hits, 0 errors, 0 left on base; Chicago 0 - Seattle 0
BOTTOM OF THE 5TH
Seattle Mariners batting - Pitching for Chicago White Sox : RHP Don Brown
Batting: RHB Ronald McDonald 0-0: Ball
1-0: Called Strike
1-1: Called Strike
1-2: Ball
2-2: Foul Ball, location: 2F
2-2: Ball
3-2: Foul Ball, location: 5F
3-2: Base on Balls
Batting: SHB Nathan Martin 0-0: Called Strike
0-1: Bunted foul
0-2: Ground out 4-3 (Groundball, 34, EV 103.1 MPH)
Ronald McDonald to second
Batting: RHB Raúl Contreras 0-0: Foul Ball, location: 2F
0-1: Reached via error on a dropped throw from 3B, E3 (Groundball, 56, EV 100.0 MPH)
Batting: RHB Jake Knapp 0-0: Called Strike
0-1: Grounds into double play, 6-4-3 (Groundball, 6, EV 101.9 MPH)
Bottom of the 5th over - 0 runs, 0 hits, 1 error, 1 left on base; Chicago 0 - Seattle 0
TOP OF THE 6TH
Chicago White Sox batting - Pitching for Seattle Mariners : RHP Martin Davis
Batting: LHB George Stewart 0-0: SINGLE (Flyball, 8LS, EV 93.8 MPH)
Batting: RHB Martín Otero 0-0: Ball
1-0: Called Strike
1-1: Called Strike
1-2: Ball
2-2: Foul Ball, location: 7LMFF
2-2: Strikes out swinging
Batting: LHB Jesse Vega 0-0: Ball
1-0: Swinging Strike
1-1: Foul Ball, location: 5SF
1-2: Foul Ball, location: 3DF
1-2: Foul Ball, location: 7LDF
1-2: Ball
2-2: Strikes out looking
Batting: RHB Roberto Moelroy 0-0: Foul Ball, location: 2F
0-1: Foul Ball, location: 2LF
0-2: Ball
1-2: Foul Ball, location: 9LMF
1-2: Ball
2-2: Strikes out swinging
Top of the 6th over - 0 runs, 1 hit, 0 errors, 1 left on base; Chicago 0 - Seattle 0
BOTTOM OF THE 6TH
Seattle Mariners batting - Pitching for Chicago White Sox : RHP Don Brown
Batting: LHB Rob Altobelli 0-0: Ball
1-0: Ball
2-0: Ball
3-0: Called Strike
3-1: Base on Balls
Batting: RHB Jeffery Price 0-0: Bunt missed!
0-1: Sac Bunt to 15 - play at first, batter OUT! 1-3
Rob Altobelli to second
Batting: RHB Ralph Irwin 0-0: Ball
1-0: Fly out, F4 (Popup, 4M, EV 57.5 MPH)
Batting: RHB Ed Parker 0-0: Called Strike
0-1: Foul Ball, location: 7LSF
0-2: Ball
1-2: Ball
2-2: Fly out, F4 (Popup, 4S, EV 83.8 MPH)
Bottom of the 6th over - 0 runs, 0 hits, 0 errors, 1 left on base; Chicago 0 - Seattle 0
TOP OF THE 7TH
Chicago White Sox batting - Pitching for Seattle Mariners : RHP Martin Davis
Batting: RHB Bernardo López 0-0: Ball
1-0: Called Strike
1-1: SINGLE (Line Drive, 6MD, EV 62.5 MPH)
Batting: LHB Doug Hanna 0-0: Called Strike
0-1: Foul Ball, location: 25F
0-2: 2-RUN HOME RUN (Flyball, 9LD, EV 94.4 MPH), Distance : 351 ft
Batting: LHB Ching-wei Lok 0-0: Called Strike
0-1: Ball
1-1: Foul Ball, location: 9LMF
1-2: Ball
2-2: Foul Ball, location: 7LDF
2-2: Foul Ball, location: 7LDF
2-2: Ground out 4-3 (Groundball, 4S, EV 70.0 MPH)
Pitching: RHP Ryan Ankenman
Batting: RHB Roy López 0-0: SINGLE (Line Drive, 8LS, EV 86.3 MPH)
Batting: LHB John Mrazek 0-0: Called Strike
0-1: Ball
1-1: Called Strike
1-2: Ball
2-2: Strikes out looking
Batting: LHB George Stewart 0-0: Hit by Pitch
Roy López to second
Batting: RHB Martín Otero 0-0: Ball
1-0: Called Strike
1-1: Foul Ball, location: 3F
1-2: Strikes out looking
Top of the 7th over - 2 runs, 3 hits, 0 errors, 2 left on base; Chicago 2 - Seattle 0
BOTTOM OF THE 7TH
Seattle Mariners batting - Pitching for Chicago White Sox : RHP Don Brown
Batting: SHB Pete Williams 0-0: Ball
1-0: Ball
2-0: Ball
3-0: Called Strike
3-1: Called Strike
3-2: Foul Ball, location: 5SF
3-2: Foul Ball, location: 5DF
3-2: Fly out, F8 (Flyball, 8RD, EV 109.4 MPH)
Batting: RHB Ronald McDonald 0-0: Ball
1-0: Ball
2-0: Swinging Strike
2-1: Foul Ball, location: 2F
2-2: SOLO HOME RUN (Flyball, 7D, EV 100.0 MPH), Distance : 400 ft
Pitching: LHP Mike DeBenham
Batting: SHB Nathan Martin 0-0: Ball
1-0: Called Strike
1-1: Foul Ball, location: 2F
1-2: Strikes out looking
Batting: RHB Raúl Contreras 0-0: Ball
1-0: Ball
2-0: Ball
3-0: Called Strike
3-1: Ground out 5-3 (Groundball, 56, EV 89.4 MPH)
Bottom of the 7th over - 1 run, 1 hit, 0 errors, 0 left on base; Chicago 2 - Seattle 1
TOP OF THE 8TH
Chicago White Sox batting - Pitching for Seattle Mariners : RHP Ryan Ankenman
Batting: LHB Jesse Vega 0-0: Ball
1-0: Ground out 4-3 (Groundball, 4D, EV 91.9 MPH)
Batting: RHB Roberto Moelroy 0-0: Called Strike
0-1: Foul Ball, location: 3F
0-2: Foul Ball, location: 5DF
0-2: Strikes out swinging
Batting: RHB Bernardo López 0-0: Ball
1-0: Called Strike
1-1: Called Strike
1-2: Strikes out swinging
Top of the 8th over - 0 runs, 0 hits, 0 errors, 0 left on base; Chicago 2 - Seattle 1
BOTTOM OF THE 8TH
Seattle Mariners batting - Pitching for Chicago White Sox : LHP Mike DeBenham
Batting: RHB Jake Knapp 0-0: Fly out, F9 (Flyball, 89M, EV 84.4 MPH)
Pinch Hitting: RHB Juan Alfaro 0-0: Fly out, F4 (Popup, 4, EV 69.4 MPH)
Batting: RHB Jeffery Price 0-0: Called Strike
0-1: Ground out 6-3 (Groundball, 56S, EV 83.8 MPH)
Bottom of the 8th over - 0 runs, 0 hits, 0 errors, 0 left on base; Chicago 2 - Seattle 1
TOP OF THE 9TH
Chicago White Sox batting - Pitching for Seattle Mariners : RHP Ryan Ankenman
Now at 1B: Juan Alfaro
Now in LF: Raúl Contreras
Batting: LHB Doug Hanna 0-0: Called Strike
0-1: Foul Ball, location: 3DF
0-2: Strikes out swinging
Batting: LHB Ching-wei Lok 0-0: Ball
1-0: Foul Ball, location: 25F
1-1: Ground out 4-3 (Groundball, 4S, EV 85.0 MPH)
Batting: RHB Roy López 0-0: Ball
1-0: Swinging Strike
1-1: Ball
2-1: Called Strike
2-2: Strikes out swinging
Top of the 9th over - 0 runs, 0 hits, 0 errors, 0 left on base; Chicago 2 - Seattle 1
BOTTOM OF THE 9TH
Seattle Mariners batting - Pitching for Chicago White Sox : LHP Mike DeBenham
Pitching: RHP Berry O'Farrell
Batting: RHB Ralph Irwin 0-0: Foul Ball, location: 9LSF
0-1: Fly out, F7 (Line Drive, 7, EV 102.5 MPH)
Batting: RHB Ed Parker 0-0: Fly out, F8 (Line Drive, 89M, EV 88.8 MPH)
Batting: SHB Pete Williams 0-0: Called Strike
0-1: Foul Ball, location: 2F
0-2: SINGLE (Line Drive, 7S, EV 83.8 MPH)
Pinch Hitting: SHB Aaron Trebel 0-0: DOUBLE (Line Drive, 5D, EV 105.6 MPH)
Pete Williams to third
Runner from 3rd tries for Home, SAFE, no throw by LF
Batting: SHB Nathan Martin 0-0: Called Strike
0-1: Ball
1-1: Called Strike
1-2: Strikes out looking
Bottom of the 9th over - 1 run, 2 hits, 0 errors, 1 left on base; Chicago 2 - Seattle 2
TOP OF THE 10TH
Chicago White Sox batting - Pitching for Seattle Mariners : RHP Ryan Ankenman
Pitching: LHP Joel Miller
Now in RF: Aaron Trebel
Batting: LHB John Mrazek 0-0: Called Strike
0-1: Swinging Strike
0-2: Ball
1-2: SINGLE (Line Drive, 89S, EV 105.6 MPH)
Pinch Hitting: RHB Gong-sun Bu 0-0: Foul Ball, location: 2F
0-1: Called Strike
John Mrazek is caught stealing 2nd base 2-4
0-2: DOUBLE (Flyball, 8RXD, EV 110.0 MPH)
Batting: RHB Martín Otero 0-0: Ball
1-0: Swinging Strike
1-1: Foul Ball, location: 2F
1-2: Ball
2-2: Strikes out swinging
Batting: LHB Jesse Vega 0-0: Foul Ball, location: 2F
0-1: Fly out, F6 (Popup, 6M, EV 70.0 MPH)
Top of the 10th over - 0 runs, 2 hits, 0 errors, 1 left on base; Chicago 2 - Seattle 2
BOTTOM OF THE 10TH
Seattle Mariners batting - Pitching for Chicago White Sox : RHP Berry O'Farrell
Now at C: Joe Hutchens
Batting: RHB Raúl Contreras 0-0: Called Strike
0-1: Ball
1-1: Ball
2-1: Ball
3-1: DOUBLE (Line Drive, 9LM, EV 100.0 MPH)
Pinch Hitting: LHB John White 0-0: Intentional Walk
Batting: RHB Juan Alfaro 0-0: Ball
1-0: Ball
2-0: Ball
3-0: Base on Balls
Raúl Contreras to third
John White to second
Pitching: LHP Dwight Scott
Batting: RHB Jeffery Price 0-0: Called Strike
0-1: Called Strike
0-2: Ball
1-2: Ball
2-2: Ball
3-2: Grounds into fielders choice U2 (Groundball, 2L, EV 71.9 MPH)
John White to third
Juan Alfaro to second
Batting: RHB Ralph Irwin 0-0: Foul Ball, location: 5F
0-1: Foul Ball, location: 2F
0-2: Ball
1-2: Strikes out looking
Batting: RHB Ed Parker 0-0: Fly out, F8 (Flyball, 8RXD, EV 100.0 MPH)
Bottom of the 10th over - 0 runs, 1 hit, 0 errors, 3 left on base; Chicago 2 - Seattle 2
TOP OF THE 11TH
Chicago White Sox batting - Pitching for Seattle Mariners : LHP Joel Miller
Now at C: Mark Taylor
Batting: RHB Roberto Moelroy 0-0: Ball
1-0: Foul Ball, location: 2F
1-1: Ball
2-1: Foul Ball, location: 23F
2-2: Ball
3-2: SINGLE (Groundball, 34D, EV 108.8 MPH)
Batting: RHB Bernardo López 0-0: Called Strike
0-1: Grounds into double play, 6-4-3 (Groundball, 6, EV 105.0 MPH)
Pinch Hitting: SHB Roberto Silva 0-0: Called Strike
0-1: Ball
1-1: Foul Ball, location: 2F
1-2: SINGLE (Flyball, 56D, EV 91.3 MPH)
Pitching: LHP Ed Fowler
Batting: LHB Ching-wei Lok 0-0: Called Strike
0-1: DOUBLE (Line Drive, 8RXD, EV 111.3 MPH)
Roberto Silva to third
Runner from 3rd tries for Home, SAFE, throw by CF to trailing runner, SAFE at third!
Batting: RHB Roy López 0-0: Ball
1-0: Foul Ball, location: 9LMF
1-1: Ball
2-1: Foul Ball, location: 2F
2-2: SINGLE (Line Drive, 9S, EV 96.9 MPH)
Ching-wei Lok scores
Batting: LHB John Mrazek 0-0: Foul Ball, location: 7LMF
0-1: Ground out 4-3 (Groundball, 4, EV 103.8 MPH)
Top of the 11th over - 2 runs, 4 hits, 0 errors, 1 left on base; Chicago 4 - Seattle 2
BOTTOM OF THE 11TH
Seattle Mariners batting - Pitching for Chicago White Sox : LHP Dwight Scott
Now at 1B: Roberto Silva
Batting: SHB Pete Williams 0-0: SINGLE (Line Drive, 6M, EV 98.8 MPH)
Batting: SHB Aaron Trebel 0-0: Ball
1-0: Ball
2-0: Ground out 6-3 (Groundball, 6S, EV 69.4 MPH)
Pete Williams to second
Batting: SHB Nathan Martin 0-0: Foul Ball, location: 3FF
0-1: SINGLE (Line Drive, 6M, EV 96.9 MPH)
Pete Williams to third
Batting: RHB Raúl Contreras 0-0: Called Strike
0-1: Ball
1-1: Ball
2-1: Foul Ball, location: 2F
2-2: SINGLE (Line Drive, 8LS, EV 101.9 MPH)
Pete Williams scores
Nathan Martin to second
Runner from 2nd tries for 3rd, SAFE, no throw by CF
Batting: RHB Mark Taylor 0-0: Ball
1-0: Foul Ball, location: 2F
1-1: Ball
2-1: Ball
3-1: Ground out 6-3 (Groundball, 6MS, EV 63.1 MPH)
Nathan Martin scores
Raúl Contreras to second
Batting: RHB Juan Alfaro 0-0: Called Strike
0-1: Foul Ball, location: 23FF
0-2: 2-RUN HOME RUN (Line Drive, 9D, EV 98.8 MPH), Distance : 390 ft
Bottom of the 11th over - 4 runs, 4 hits, 0 errors, 0 left on base; Chicago 4 - Seattle 6
Saturday, February 10th , 2024 - OOTP Baseball 24.10 Build 82